 Dungeon Crawl Stone Soup version 0.26.0-10-g1f06aea511 (webtiles) character file.

Game seed: 16024061642321205117

158 night the Shooter (level 5, 0/32 HPs)
             Began as a Deep Elf Hunter on Jan 21, 2021.
             Killed by nerve-wracking pain
             ... invoked by Grinder
              (7 damage)
             ... while paralysed by Grinder
             ... on level 3 of the Dungeon.
             The game lasted 00:04:41 (2780 turns).

night the Shooter (Deep Elf Hunter)                 Turns: 2780, Time: 00:04:42

Health: 0/32       AC:  9    Str: 10    XL:     5   Next: 16%
Magic:  7/7        EV:  2    Int: 16    God:
Gold:   125        SH:  0    Dex: 15    Spells: 4/4 levels left

rFire    + . .     SeeInvis .   a - +1 shortbow
rCold    x . .     Faith    .   (shield currently unavailable)
rNeg     . . .     Spirit   .   p - +0 ring mail (curse)
rPois    .         Reflect  .   (no helmet)
rElec    .         Harm     .   (no cloak)
rCorr    .         Rampage  .   (no gloves)
Will     .....                  (no boots)
Stlth    +.........             (no amulet)
HPRegen  0.10/turn              f - ring of fire
MPRegen  0.10/turn              n - +4 ring of protection

@: paralysed
A: no striking features
a: no special abilities


You were on level 3 of the Dungeon.
You visited 1 branch of the dungeon, and saw 3 of its levels.

You collected 125 gold pieces.

Inventory:

Hand Weapons
 a - a +1 shortbow (weapon)
 b - a +0 falchion
 c - a +0 short sword
Armour
 p - a cursed +0 ring mail (worn)
Jewellery
 f - a ring of fire (left hand)
 n - a +4 ring of protection (right hand)
Scrolls
 g - 7 scrolls of identify {unknown}
 i - a scroll of fog {unknown}
 k - a scroll of enchant weapon {unknown}
 l - 2 scrolls of teleportation {unknown}
 m - 2 scrolls of remove curse {unknown}
 o - a scroll of fear {unknown}
Potions
 e - a potion of curing {unknown}
 h - a potion of heal wounds {unknown}
 j - a potion of lignification {unknown}


   Skills:
 + Level 3.3 Fighting
 + Level 7.1 Bows
 - Level 2.4 Dodging
 - Level 1.2 Stealth


You had 4 spell levels left.
You didn't know any spells.
Your spell library was empty.

Dungeon Overview and Level Annotations

Branches:
Dungeon (3/15)

Altars:

Annotations:
D:3 Grinder


Message History

Grinder is heavily wounded.
Grinder barely misses you.
You shoot an arrow. The arrow barely misses Grinder.
Grinder blinks!
You shoot an arrow. The arrow closely misses Grinder.
You shoot an arrow. The arrow closely misses Grinder.
You shoot an arrow. The arrow hits Grinder!
Grinder is severely wounded.
You shoot an arrow. The arrow hits Grinder.
Grinder is severely wounded.
Grinder gestures at you.
You suddenly lose the ability to move!
Grinder hits you.
You writhe in agony.
Grinder completely misses you. Grinder gestures at you.
Pain shoots through your body!
* * * LOW HITPOINT WARNING * * *
Grinder blinks!
Grinder gestures at you. Pain shoots through your body!
You die...

#......<...'.'................
#..(.......###................
#...........##...............)
#...........###.......#..)....
#.....(.....#########.#.##....
##...........########.#.##....
#...........((.....#.#......†
#.........(((### #.#.######
#..........#@# #.#.#
#.####'#.###..# #.#.# #.#
#.#.# ##.# #.###### #.# #.#.#
.. ...... #.# #.#.# #5# ......
#.# #.#.# .. .......
#####)####.#.# #(# .......
...........#.# .. .......
........####'## .......


You could see Grinder.

Vanquished Creatures
  2 orc wizards (D:3)
  Terence (D:3)
  3 adders (D:2)
  An ooze (D:2)
  A leopard gecko (D:1)
  6 orcs (D:3)
  6 goblins
  4 hobgoblins
  2 jackals (D:2)
  2 quokkas (D:2)
  6 bats
  A frilled lizard (D:3)
  2 kobolds (D:1)
  7 rats
44 creatures vanquished.

Notes
Turn   | Place    | Note
-------+----------+-------------------------------------------
     0 | D:1      | night the Deep Elf Hunter began the quest for the Orb.
     0 | D:1      | Reached XP level 1. HP: 12/12 MP: 3/3
   453 | D:1      | Reached XP level 2. HP: 14/17 MP: 4/4
  1403 | D:2      | Reached skill level 6 in Bows
  1403 | D:2      | Reached XP level 3. HP: 22/22 MP: 5/5
  2155 | D:3      | Reached XP level 4. HP: 27/27 MP: 6/6
  2453 | D:3      | Reached skill level 7 in Bows
  2457 | D:3      | Noticed Terence
  2475 | D:3      | Killed Terence
  2476 | D:3      | Reached XP level 5. HP: 22/32 MP: 7/7
  2736 | D:3      | Noticed Grinder
  2774 | D:3      | Paralysed by Grinder for 6 turns
  2780 | D:3      | Killed from afar by Grinder

Illustrated notes

Levels and vault maps discovered:
D:1:      kilobyte_arrival_exit_the_forest, layout_loops_ring,
          patterned_corridor
D:2:      layout_basic
D:3:      layout_basic, nicolae_overflow_hidden_temple, uniq_terence,
          uniq_robin, uniq_ijyb, uniq_grinder

Skill      XL: |  1  2  3  4 |
---------------+-------------+-----
Fighting       | 2 3 |  3.3
Bows           | 6 7 |  7.1
Dodging        | |  2.4
Stealth        | |  1.2

Action                   |  1- 3 |  4- 6 || total
-------------------------+-------+-------++-------
Melee: Short sword       |    54 |       ||    54
       Falchion          |     4 |    14 ||    18
 Fire: Shortbow          |    40 |    52 ||    92
 Stab: Sleeping          |     1 |       ||     1
Armor: Leather armour    |     9 |       ||     9
       Ring mail         |    19 |    14 ||    33
Dodge: Dodged            |    45 |    18 ||    63
       Rpst.: Falchion   |       |     3 ||     3
